 Dungeon Crawl Stone Soup version 0.23-a0-586-gacb4b3f (webtiles) character file.

256 inc the Changer (level 5, -1/22 HPs)
             Began as a Felid Transmuter on Dec 18, 2018.
             Was a Follower of Elyvilon.
             Slain by an adder (2 damage)
             ... on level 5 of the Dungeon.
             The game lasted 00:17:08 (8082 turns).

inc the Changer (Felid Transmuter)                  Turns: 8082, Time: 00:17:08

Health: -1/22      AC:  2    Str:  6    XL:     5   Next: 92%
Magic:  9/9        EV: 20    Int: 16    God:    Elyvilon [*.....]
Gold:   467        SH:  0    Dex: 17    Spells: 2/8 levels left
                                        Lives:  0   Deaths: 1

rFire    . . .     SeeInvis +     - Unarmed
rCold    + . .     Gourm    .   (shield unavailable)
rNeg     . . .     Faith    .   (armour unavailable)
rPois    .         Spirit   .   (helmet unavailable)
rElec    .         Reflect  .   (cloak unavailable)
rCorr    .         Harm     .   (gloves unavailable)
MR       .....                  (boots unavailable)
Stlth    ++........             (no amulet)
HPRegen  0.07/turn              f - ring of protection from cold
MPRegen  0.11/turn              (no ring)

@: quick
A: very small, no armour, no weapons or thrown items, stealth, claws 1, fangs 3,
see invisible, carnivore, speed 1, shaggy fur 2, slow metabolism 1, sharp paws
a: Lesser Healing, Divine Protection, Renounce Religion


You were on level 5 of the Dungeon.
You worshipped Elyvilon.
Elyvilon was aware of your devotion.
You were not hungry.

You visited 2 branches of the dungeon, and saw 6 of its levels.
You also visited: Ossuary.

You collected 467 gold pieces.

Inventory:

Missiles
 a - 20 arrows
Jewellery
 f - a ring of protection from cold (left paw)
 v - an uncursed ring of wizardry {unknown}
Wands
 g - a wand of disintegration (9)
Scrolls
 b - 2 scrolls of magic mapping
 d - 6 scrolls of remove curse {unknown}
 e - a scroll of fear {unknown}
 h - a scroll of blinking {unknown}
 i - a scroll of fog {unknown}
 l - a scroll of random uselessness {unknown}
 m - 3 scrolls of identify {unknown}
 p - 4 scrolls of enchant armour {unknown}
 t - 2 scrolls of teleportation {unknown}
 u - a scroll of amnesia {unknown}
Potions
 j - 2 potions of degeneration {unknown}
 k - 2 potions of lignification {unknown}
 n - 3 potions of might {unknown}
 o - a potion of cancellation {unknown}
 q - a potion of invisibility {unknown}
 r - a potion of haste {unknown}
 s - a potion of flight {unknown}
 w - a potion of resistance {unknown}
Comestibles
 c - 5 rations


   Skills:
 - Level 1.0 Fighting
 + Level 5.2 Dodging
 - Level 4.0 Unarmed Combat
 - Level 2.0 Spellcasting
 - Level 6.0 Transmutations


You had 2 spell levels left.
You knew the following spells:

 Your Spells              Type           Power        Failure   Level  Hunger
a - Beastly Appendage     Tmut           ###...       1%          1    #......
b - Sticks to Snakes      Tmut           ###.....     2%          2    ###....
c - Spider Form           Tmut/Pois      ##........   19%         3    ###....

Your spell library contained the following spells:

 Spells                   Type           Power        Failure   Level  Hunger
 Blade Hands              Tmut           ###.......   43%         5    ######.
 Ice Form                 Ice/Tmut       ##......     52%         4    #####..


Dungeon Overview and Level Annotations

Branches:
Dungeon (5/15)             Temple (1/1) D:4

Altars:
Ashenzari
Cheibriados
Dithmenos
Elyvilon
Fedhas
Hepliaklqana
Kikubaaqudgha
Makhleb
Nemelex Xobeh
Okawaru
Qazlal
Ru
Sif Muna
Trog
Uskayaw
Xom
Zin

Annotations:
D:3 Robin


Innate Abilities, Weirdness & Mutations

You cannot wear armour.
You are incapable of wielding weapons or throwing items.
Your paws allow you to move quietly. (Stealth)
You have sharp claws.
You have razor-sharp teeth.
You have supernaturally acute eyesight. (SInv)
You are carnivorous and can eat meat at any time.
You cover ground quickly.
You are covered in thick fur. (AC +2)
You have a slow metabolism.
Your sharp claws are effective at attacking unaware monsters.


Message History

The centaur shoots an arrow.
The arrow closely misses you.
The centaur shoots an arrow.
The arrow barely misses you.
The centaur shoots an arrow.
The arrow closely misses you.
You see here an arrow.
The centaur shoots an arrow.
The arrow hits you!
Ouch! That really hurt!
You see here an arrow.
The centaur shoots an arrow.
The arrow barely misses you.
You see here an arrow.
The centaur shoots an arrow.
The arrow hits you.
* * * LOW HITPOINT WARNING * * *
The centaur shoots an arrow.
The arrow misses you.
You see here an arrow.
You see here an arrow.
The centaur shoots an arrow.
The arrow hits you.
* * * LOW HITPOINT WARNING * * *
You see here an arrow.
There is a stone staircase leading up here.
The adder bites you.
You die...

##...## #####.....#
#.........#
#......#..#
#......#..########
####...#.........#
##............#
##.>..........#
##.........@...#
#.......(..S..##
#..........(..#
##..........(.##
##..............##
##................#
#...........c.###...#
##..#........## ##..#
#..###......## #..


You could see a centaur and an adder.

Vanquished Creatures
  A bullfrog skeleton (D:4)
  Terence (D:3)
  An orc wizard (D:3)
  A worker ant (D:4)
  A hound zombie (D:3)
  4 mummies (Ossuary)
  5 adders
  A gnoll (D:3)
  An adder skeleton (D:4)
  4 worms
  2 dart slugs
  2 leopard geckos
  15 orcs
  2 giant cockroaches (D:1)
  3 gnoll zombies (Ossuary)
  10 goblins
  9 hobgoblins
  4 jackals (D:3)
  11 kobolds
  2 quokkas
  2 ball pythons
  9 bats
  8 frilled lizards
  A hobgoblin zombie (Ossuary)
  A kobold zombie (Ossuary)
  2 orc zombies (Ossuary)
  6 rats
109 creatures vanquished.

Vanquished Creatures (collateral kills)
  4 mummies (Ossuary)
  A gnoll (D:3)
  3 adders
  A bat (D:3)
  A goblin (D:3)
  An orc zombie (Ossuary)
11 creatures vanquished.

Grand Total: 120 creatures vanquished

Notes
Turn   | Place    | Note
-------+----------+-------------------------------------------
     0 | D:1      | inc the Felid Transmuter began the quest for the Orb.
     0 | D:1      | Reached XP level 1. HP: 9/9 MP: 4/4
   319 | D:1      | Reached XP level 2. HP: 12/12 MP: 6/6
   924 | D:1      | Learned a level 2 spell: Sticks to Snakes
  1510 | D:2      | Reached XP level 3. HP: 13/15 MP: 7/7
  1702 | D:2      | Reached skill level 3 in Transmutations
  2460 | D:2      | Reached XP level 4. HP: 14/19 MP: 8/8
  2803 | D:2      | Found a snail-covered altar of Cheibriados.
  2936 | D:2      | Reached skill level 4 in Transmutations
  3458 | D:2      | Learned a level 3 spell: Spider Form
  3574 | D:3      | Noticed Terence
  3585 | D:3      | Killed Terence
  3585 | D:3      | Reached XP level 5. HP: 22/22 MP: 5/9
  3655 | D:3      | Reached skill level 5 in Transmutations
  3979 | D:3      | Found a sparkling altar of Nemelex Xobeh.
  3989 | D:3      | Found a hide-covered altar of Uskayaw.
  4105 | D:3      | Noticed Robin
  4526 | D:3      | Reached skill level 6 in Transmutations
  6068 | D:4      | Gained mutation: You are covered in thick fur. (AC +2)
                  | [Felid growth]
  6068 | D:4      | Reached XP level 6. HP: 12/25 MP: 10/10
  6156 | D:4      | Found a staircase to the Ecumenical Temple.
  6206 | Temple   | Entered the Ecumenical Temple
  6213 | Temple   | Became a worshipper of Elyvilon the Healer
  6243 | D:4      | Found a sand-covered staircase.
  6250 | Ossuary  | Entered an ossuary
  6318 | Ossuary  | Slain by a mummy
  6319 | Ossuary  | Reached XP level 5. HP: -2/22 MP: 8/9
  7212 | D:4      | Found a burning altar of Makhleb.
  7349 | D:4      | Reached skill level 5 in Dodging
  7397 | D:4      | Reached * piety under Elyvilon
  7405 | D:4      | Noticed a phantom
  7797 | D:4      | Found a glowing silver altar of Zin.
  7798 | D:4      | Noticed an angel
  8003 | D:5      | Entered Level 5 of the Dungeon
  8052 | D:5      | Noticed a centaur
  8080 | D:5      | HP: 1/22 [centaur/arrow (5)]
  8082 | D:5      | Slain by an adder

Vault maps used:
D:1:      ncdulo_watergridlock
D:2:      cheibriados_altar_1, minmay_misc_feat_ornament, moated_statue
D:3:      grunt_temple_overflow_open, serial_glass, glass_columns_c,
          glass_columns_a, glass_columns_a, glass_columns_b, glass_columns_c,
          glass_columns_b, glass_columns_a, glass_columns_b, first_ration,
          minmay_fountain_box, uniq_terence, uniq_robin
D:4:      bloody_makhleb, zin_angel, minmay_temple_entry_hall,
          chequers_ossuary_entry_cave
D:5:      nicolae_overflow_hidden_temple, uniq_edmund
Temple:   nicolae_temple_no_exploring_needed
Ossuary:  ossuary_tomb_3

Skill      XL: |  1  2  3  4  5 |
---------------+----------------+-----
Unarmed Combat | 4 |  4.0
Transmutations | 3 4 6 |  6.0
Dodging        | 5 |  5.2
Fighting       | |  1.0
Spellcasting   | |  2.0

Action                   |  1- 3 |  4- 6 || total
-------------------------+-------+-------++-------
Melee: Unarmed           |   117 |   309 ||   426
       Bite              |     8 |    15 ||    23
       Headbutt          |     1 |     3 ||     4
 Cast: Beastly Appendage |     5 |     1 ||     6
       Sticks to Snakes  |     7 |    24 ||    31
       Spider Form       |       |    18 ||    18
  Use: Potion            |     1 |     1 ||     2
       Scroll            |       |     1 ||     1
 Stab: Sleeping          |     2 |     2 ||     4
  Eat: Chunk             |     6 |     8 ||    14
       Ration            |       |     1 ||     1
Armor: Skin              |     5 |    10 ||    15
Dodge: Dodged            |   118 |   257 ||   375

Table legend:
 A = Non-vault XP
 B = Vault XP
 C = Vault XP percentage of total XP
 D = Non-vault monster count
 E = Vault monster count
 F = Vault count percentage of total count
                 A         B        C        D         E       F
            +---------+---------+-------+---------+---------+-------
      Total |     394 |     174 |  30.6 |      93 |      27 |  22.5
            +---------+---------+-------+---------+---------+-------
        D:1 |      36 |       0 |   0.0 |      22 |       0 |   0.0
        D:2 |      93 |       0 |   0.0 |      27 |       0 |   0.0
        D:3 |     188 |      55 |  22.6 |      41 |      11 |  21.2
        D:4 |      77 |       0 |   0.0 |       3 |       0 |   0.0
    Ossuary |       0 |     119 | 100.0 |       0 |      16 | 100.0
            +---------+---------+-------+---------+---------+-------
